[ AOE2 MATCH · #476792853 ]
UnrankedKoreans vs Japanese
[ REPLAY ANALYSIS · EXTRACTED FROM THE RECORDED GAME ]
Feudal
11:51
Castle
15:21
Imperial
33:44
| APM avg | 25.1 |
| APM peak | 60 |
| eAPM avg | 14.4 |
| Villagers / military | 112 / 37 |
Focus
⚔️ 29.2% · 🌾 70.8%
War Wagon ×37
Feudal
8:54
Castle
19:49
Imperial
33:13
| APM avg | 36.2 |
| APM peak | 62 |
| eAPM avg | 20.9 |
| Villagers / military | 129 / 93 |
Focus
⚔️ 25.2% · 🌾 74.8%
Spearman ×47 · Archer ×38 · Trebuchet (Packed) ×4 · Mangonel ×3 · Monk ×1
Feudal
10:33
Castle
14:06
Imperial
27:02
| APM avg | 44.3 |
| APM peak | 80 |
| eAPM avg | 26.6 |
| Villagers / military | 135 / 148 |
Focus
⚔️ 38.4% · 🌾 61.6%
Konnik ×146 · Trebuchet (Packed) ×2
Feudal
10:56
Castle
14:51
Imperial
—
| APM avg | 48.7 |
| APM peak | 82 |
| eAPM avg | 24.8 |
| Villagers / military | 104 / 51 |
Focus
⚔️ 35.4% · 🌾 64.6%
Samurai ×24 · Battering Ram ×15 · Petard ×12
Feudal
11:21
Castle
14:54
Imperial
32:44
| APM avg | 50.5 |
| APM peak | 89 |
| eAPM avg | 28.6 |
| Villagers / military | 158 / 102 |
Focus
⚔️ 25.1% · 🌾 74.9%
Steppe Lancer ×80 · Knight ×6 · Camel Scout ×5 · Trebuchet (Packed) ×4 · Monk ×3 · Keshik ×2
Feudal
10:34
Castle
14:11
Imperial
28:09
| APM avg | 42.5 |
| APM peak | 89 |
| eAPM avg | 23.4 |
| Villagers / military | 107 / 56 |
Focus
⚔️ 35.8% · 🌾 64.2%
Genoese Crossbowman ×51 · Mangonel ×3 · Trebuchet (Packed) ×2
Feudal
10:56
Castle
15:20
Imperial
33:07
| APM avg | 25.6 |
| APM peak | 53 |
| eAPM avg | 17.0 |
| Villagers / military | 113 / 63 |
Focus
⚔️ 28.8% · 🌾 71.2%
Knight ×56 · Trebuchet (Packed) ×4 · Mangonel ×3
Feudal
10:31
Castle
14:16
Imperial
28:16
| APM avg | 64.6 |
| APM peak | 99 |
| eAPM avg | 39.5 |
| Villagers / military | 212 / 209 |
Focus
⚔️ 54.4% · 🌾 45.6%
Spearman ×149 · Woad Raider ×47 · Militia ×8 · Battering Ram ×5
Match map
Initial resources + every placement click. Lines = walls · curves = elevation contours. ◆ gold · ⬟ stone · ● berries · ✦ relic · ◌ wall gap
Your base· ✓ Closed at 15:21 · 13t walls · 2 gate(s)
King-WzRun's base· ✓ Closed at 19:49 · 1t walls · 3 gate(s)
抖音KK's base· ✓ Closed at 14:06 · 0t walls · 2 gate(s)
_LT_学成's base· ✓ Closed at 14:51 · 13t walls · 3 gate(s)
_LT_椎名真昼's base· ✓ Closed at 14:54 · 0t walls · 3 gate(s)
小晚辞's base· ✓ Closed at 14:11 · 0t walls · 3 gate(s)
一切反动派的是纸老虎's base· ✓ Closed at 15:20 · 25t walls · 2 gate(s)
还是从前那个少年's base· ✓ Closed at 14:16 · 1t walls · 2 gate(s)
Smoothed initial terrain · ◌ = detected wall gap · hover for details
Inputs per minute
— 抖音_帝国时代2小Lin - - King-WzRun
Build order — 抖音_帝国时代2小Lin
First 150 of 271 actions detected
| 0:03 | Create | Villager (Male) |
| 0:03 | Create | Villager (Male) ×3 |
| 0:03 | Create | Villager (Male) ×3 |
| 0:05 | Build | House |
| 0:07 | Build | House |
| 1:26 | Create | Villager (Male) |
| 1:26 | Create | Villager (Male) |
| 1:46 | Build | Lumber Camp |
| 1:57 | Create | Villager (Male) |
| 2:25 | Create | Villager (Male) |
| 2:41 | Create | Villager (Male) |
| 2:41 | Create | Villager (Male) |
| 3:10 | Create | Villager (Male) |
| 3:33 | Build | House |
| 3:34 | Build | House |
| 3:35 | Build | House |
| 3:44 | Create | Villager (Male) |
| 4:11 | Create | Villager (Male) |
| 4:38 | Create | Villager (Male) |
| 4:52 | Build | Palisade Wall |
| 4:55 | Create | Villager (Male) |
| 4:55 | Create | Villager (Male) |
| 5:07 | Build | Palisade Wall |
| 5:09 | Build | Palisade Wall |
| 5:12 | Build | Palisade Wall |
| 5:14 | Build | Palisade Wall |
| 5:20 | Build | Palisade Wall |
| 5:23 | Build | Palisade Wall |
| 5:31 | Build | Palisade Wall |
| 5:33 | Build | Palisade Wall |
| 5:35 | Build | Palisade Wall |
| 5:38 | Build | Palisade Wall |
| 5:41 | Build | Palisade Wall |
| 5:47 | Build | Palisade Wall |
| 5:50 | Build | Mill |
| 5:56 | Create | Villager (Male) |
| 5:56 | Create | Villager (Male) |
| 5:56 | Create | Villager (Male) |
| 6:54 | Create | Villager (Male) |
| 6:57 | Build | Farm |
| 7:25 | Build | Farm |
| 7:34 | Create | Villager (Male) |
| 7:45 | Build | Farm |
| 7:51 | Create | Villager (Male) |
| 8:08 | Build | Mining Camp |
| 8:17 | Create | Villager (Male) |
| 8:42 | Create | Villager (Male) |
| 9:03 | Build | Mining Camp |
| 9:05 | Create | Villager (Male) |
| 9:42 | Research | Feudal Age |
| 10:15 | Create | Villager (Male) |
| 10:16 | Create | Villager (Male) |
| 11:51 | Age | Feudal Age |
| 11:53 | Build | Market |
| 11:55 | Build | Blacksmith |
| 12:41 | Research | Castle Age |
| 12:48 | Build | House |
| 12:49 | Build | House |
| 13:07 | Research | Double-Bit Axe |
| 13:13 | Research | Horse Collar |
| 13:36 | Research | Loom |
| 13:39 | Create | Villager (Male) |
| 15:21 | Age | Castle Age |
| 15:30 | Build | Castle |
| 16:09 | Research | Fletching |
| 16:10 | Create | Villager (Male) |
| 16:13 | Research | Bow Saw |
| 16:17 | Research | Gold Mining |
| 16:22 | Build | Palisade Wall |
| 16:24 | Build | Palisade Wall |
| 16:26 | Build | Palisade Wall |
| 16:30 | Build | Palisade Wall |
| 16:34 | Build | Palisade Wall |
| 16:47 | Build | Palisade Wall |
| 16:50 | Build | Palisade Wall |
| 17:09 | Build | Palisade Wall |
| 17:16 | Create | Villager (Male) |
| 17:17 | Create | Villager (Male) |
| 17:19 | Build | Farm |
| 17:21 | Build | Farm |
| 17:25 | Build | Farm |
| 17:27 | Build | Farm |
| 18:03 | Create | Villager (Male) |
| 18:09 | Build | Farm |
| 18:19 | Create | Villager (Male) |
| 18:22 | Build | Farm |
| 18:25 | Build | Farm |
| 18:44 | Create | Villager (Male) |
| 18:44 | Create | Villager (Male) |
| 18:52 | Build | Farm |
| 18:54 | Build | Farm |
| 19:30 | Create | Villager (Male) |
| 19:32 | Create | Villager (Male) |
| 19:36 | Build | Farm |
| 19:57 | Build | Farm |
| 20:00 | Create | Villager (Male) |
| 20:17 | Create | Villager (Male) |
| 20:23 | Build | Farm |
| 20:54 | Build | Castle |
| 21:11 | Create | Villager (Male) |
| 21:13 | Create | Villager (Male) |
| 21:21 | Create | Villager (Male) |
| 21:36 | Create | Villager (Male) |
| 21:46 | Create | Villager (Male) |
| 22:00 | Research | Bodkin Arrow |
| 22:17 | Create | War Wagon |
| 22:17 | Create | War Wagon |
| 22:19 | Create | War Wagon |
| 22:21 | Create | War Wagon |
| 22:21 | Create | War Wagon |
| 22:21 | Create | War Wagon |
| 22:29 | Research | Stone Mining |
| 22:32 | Create | Villager (Male) |
| 22:57 | Create | War Wagon |
| 23:22 | Create | Villager (Male) |
| 23:50 | Build | Town Center |
| 23:52 | Create | Villager (Male) |
| 24:10 | Create | Villager (Male) |
| 24:12 | Create | War Wagon |
| 24:55 | Create | Villager (Male) |
| 24:57 | Create | Villager (Male) |
| 25:05 | Create | War Wagon |
| 25:17 | Create | Villager (Male) |
| 25:22 | Create | Villager (Male) |
| 25:27 | Create | Villager (Male) |
| 25:29 | Create | War Wagon |
| 25:34 | Build | House |
| 25:35 | Build | House |
| 25:36 | Build | House |
| 25:37 | Build | House |
| 25:38 | Research | Wheelbarrow |
| 25:39 | Create | Villager (Male) |
| 25:46 | Create | Villager (Male) |
| 26:04 | Create | Villager (Male) |
| 26:05 | Create | War Wagon |
| 26:31 | Create | Villager (Male) |
| 26:33 | Create | Villager (Male) |
| 26:40 | Create | War Wagon |
| 26:45 | Create | Villager (Male) |
| 27:00 | Create | Villager (Male) |
| 27:12 | Build | Farm |
| 27:16 | Create | Villager (Male) |
| 27:21 | Build | House |
| 27:36 | Create | Villager (Male) |
| 27:38 | Create | War Wagon |
| 28:06 | Create | Villager (Male) |
| 28:09 | Create | War Wagon |
| 28:47 | Create | Villager (Male) |
| 28:48 | Create | War Wagon |
| 28:49 | Create | War Wagon |
Build order — King-WzRun
First 150 of 337 actions detected
| 0:01 | Create | Villager (Male) ×4 |
| 0:03 | Build | House |
| 0:04 | Build | House |
| 0:08 | Build | House |
| 1:23 | Create | Villager (Male) |
| 1:44 | Build | Lumber Camp |
| 1:51 | Create | Villager (Male) |
| 2:25 | Create | Villager (Male) |
| 2:54 | Create | Villager (Male) |
| 2:55 | Create | Villager (Male) |
| 3:40 | Create | Villager (Male) |
| 3:40 | Create | Villager (Male) |
| 3:44 | Create | Villager (Male) |
| 3:51 | Build | House |
| 4:01 | Create | Villager (Male) |
| 4:37 | Build | Mining Camp |
| 5:01 | Create | Villager (Male) |
| 5:50 | Create | Villager (Male) |
| 6:19 | Research | Loom |
| 6:27 | Research | Feudal Age |
| 7:29 | Build | House |
| 8:24 | Create | Villager (Male) |
| 8:24 | Create | Villager (Male) |
| 8:32 | Build | Mill |
| 8:54 | Age | Feudal Age |
| 8:57 | Build | Watch Tower |
| 9:00 | Research | Double-Bit Axe |
| 9:38 | Build | House |
| 9:39 | Create | Villager (Male) |
| 9:57 | Create | Villager (Male) |
| 10:11 | Create | Villager (Male) |
| 10:14 | Research | Horse Collar |
| 10:17 | Build | House |
| 10:37 | Build | Farm |
| 10:38 | Create | Villager (Male) |
| 10:51 | Create | Villager (Male) |
| 10:53 | Build | House |
| 11:10 | Build | Watch Tower |
| 11:11 | Create | Villager (Male) |
| 11:52 | Create | Villager (Male) |
| 12:10 | Create | Villager (Male) |
| 12:15 | Build | Farm |
| 12:15 | Build | Farm |
| 12:18 | Build | Farm |
| 12:19 | Create | Villager (Male) |
| 12:30 | Create | Villager (Male) |
| 12:44 | Build | Outpost |
| 12:54 | Create | Villager (Male) |
| 12:57 | Build | Farm |
| 13:12 | Build | Watch Tower |
| 13:21 | Create | Villager (Male) |
| 13:24 | Build | Farm |
| 13:38 | Build | Mining Camp |
| 13:41 | Create | Villager (Male) |
| 13:44 | Build | Farm |
| 14:16 | Build | Farm |
| 14:43 | Create | Villager (Male) |
| 14:46 | Build | Farm |
| 14:49 | Build | Farm |
| 15:25 | Build | Farm |
| 15:28 | Create | Villager (Male) |
| 15:31 | Build | Market |
| 15:33 | Build | Blacksmith |
| 15:39 | Build | House |
| 15:52 | Build | Outpost |
| 16:11 | Build | Palisade Wall |
| 17:04 | Create | Villager (Male) |
| 17:04 | Create | Villager (Male) |
| 17:05 | Create | Villager (Male) |
| 17:09 | Research | Castle Age |
| 17:11 | Build | House |
| 17:58 | Research | Fletching |
| 18:08 | Build | Barracks |
| 18:35 | Create | Villager (Male) |
| 19:43 | Create | Spearman |
| 19:44 | Create | Spearman |
| 19:44 | Create | Spearman |
| 19:49 | Age | Castle Age |
| 19:55 | Research | Bow Saw |
| 19:55 | Research | Bow Saw |
| 19:56 | Create | Villager (Male) |
| 20:05 | Build | Town Center |
| 20:07 | Create | Spearman |
| 20:09 | Create | Villager (Male) |
| 20:18 | Research | Wheelbarrow |
| 20:34 | Create | Villager (Male) |
| 20:38 | Build | Lumber Camp |
| 20:57 | Create | Spearman |
| 21:02 | Create | Villager (Male) |
| 21:20 | Build | Town Center |
| 21:23 | Create | Villager (Male) |
| 21:33 | Create | Villager (Male) |
| 21:34 | Create | Villager (Male) |
| 21:35 | Create | Villager (Male) |
| 21:38 | Create | Spearman |
| 21:50 | Build | Siege Workshop |
| 21:56 | Create | Villager (Male) |
| 22:06 | Create | Villager (Male) |
| 22:12 | Create | Villager (Male) |
| 22:15 | Build | Farm |
| 22:15 | Build | Farm |
| 22:17 | Create | Villager (Male) |
| 22:29 | Create | Villager (Male) |
| 22:46 | Build | House |
| 22:49 | Build | House |
| 22:50 | Build | House |
| 23:03 | Create | Villager (Male) |
| 23:03 | Create | Villager (Male) |
| 23:12 | Create | Mangonel |
| 23:16 | Create | Villager (Male) |
| 23:22 | Create | Villager (Male) |
| 23:26 | Create | Villager (Male) |
| 23:32 | Research | Heavy Plow |
| 23:34 | Create | Villager (Male) |
| 23:45 | Build | Outpost |
| 23:48 | Create | Villager (Male) |
| 23:55 | Create | Mangonel |
| 24:02 | Build | Outpost |
| 24:04 | Create | Villager (Male) |
| 24:04 | Create | Villager (Male) |
| 24:29 | Build | Monastery |
| 24:57 | Build | Outpost |
| 24:59 | Research | Town Watch |
| 24:59 | Create | Villager (Male) |
| 25:00 | Create | Villager (Male) |
| 25:00 | Create | Villager (Male) |
| 25:02 | Create | Mangonel |
| 25:07 | Create | Villager (Male) |
| 25:07 | Create | Villager (Male) |
| 25:08 | Create | Villager (Male) |
| 25:10 | Build | Farm |
| 25:11 | Build | Farm |
| 25:12 | Build | Farm |
| 25:13 | Create | Villager (Male) |
| 25:13 | Create | Villager (Male) |
| 25:18 | Create | Monk |
| 25:49 | Create | Villager (Male) |
| 25:49 | Create | Villager (Male) |
| 25:50 | Build | Farm |
| 25:51 | Build | Farm |
| 25:52 | Build | Farm |
| 25:54 | Build | Farm |
| 25:55 | Create | Villager (Male) |
| 25:56 | Create | Villager (Male) |
| 26:24 | Build | House |
| 26:25 | Build | House |
| 26:25 | Build | House |
| 26:26 | Build | House |
| 26:26 | Build | House |
| 26:47 | Create | Villager (Male) |
Build order — 抖音KK
First 150 of 452 actions detected
| 0:01 | Create | Villager (Male) |
| 0:01 | Create | Villager (Male) |
| 0:02 | Create | Villager (Male) |
| 0:04 | Build | House |
| 0:07 | Build | House |
| 0:09 | Create | Villager (Male) |
| 1:32 | Create | Villager (Male) |
| 2:01 | Create | Villager (Male) |
| 2:24 | Create | Villager (Male) |
| 2:25 | Create | Villager (Male) |
| 2:54 | Build | Lumber Camp |
| 2:56 | Create | Villager (Male) |
| 2:57 | Create | Villager (Male) |
| 3:23 | Create | Villager (Male) |
| 3:23 | Create | Villager (Male) |
| 3:28 | Create | Villager (Male) |
| 3:37 | Create | Villager (Male) |
| 3:47 | Build | House |
| 4:15 | Create | Villager (Male) |
| 4:43 | Create | Villager (Male) |
| 4:44 | Create | Villager (Male) |
| 5:19 | Build | Mill |
| 5:57 | Create | Villager (Male) |
| 6:05 | Build | House |
| 6:17 | Build | Mill |
| 6:22 | Create | Villager (Male) |
| 6:30 | Create | Villager (Male) |
| 7:02 | Build | Farm |
| 7:18 | Create | Villager (Male) |
| 7:39 | Create | Villager (Male) |
| 8:22 | Research | Feudal Age |
| 9:23 | Create | Villager (Male) |
| 9:24 | Create | Villager (Male) |
| 9:35 | Build | House |
| 10:33 | Age | Feudal Age |
| 10:35 | Build | Market |
| 10:36 | Build | Blacksmith |
| 11:01 | Research | Double-Bit Axe |
| 11:26 | Research | Castle Age |
| 11:26 | Research | Castle Age |
| 11:46 | Build | Farm |
| 11:47 | Research | Horse Collar |
| 11:57 | Build | Farm |
| 12:07 | Create | Villager (Male) |
| 12:09 | Build | Farm |
| 12:15 | Build | Farm |
| 12:35 | Build | Farm |
| 12:55 | Create | Villager (Male) |
| 14:06 | Age | Castle Age |
| 14:09 | Build | Town Center |
| 14:10 | Create | Villager (Male) |
| 14:17 | Build | Town Center |
| 14:22 | Research | Bow Saw |
| 14:32 | Build | Farm |
| 14:37 | Create | Villager (Male) |
| 14:58 | Build | Farm |
| 15:00 | Build | Farm |
| 15:02 | Create | Villager (Male) |
| 15:34 | Create | Villager (Male) |
| 15:37 | Build | Farm |
| 15:45 | Create | Villager (Male) |
| 15:47 | Create | Villager (Male) |
| 15:48 | Build | Farm |
| 15:57 | Create | Villager (Male) |
| 15:59 | Create | Villager (Male) |
| 16:02 | Build | Farm |
| 16:03 | Create | Villager (Male) |
| 16:09 | Build | Farm |
| 16:10 | Create | Villager (Male) |
| 16:16 | Create | Villager (Male) |
| 16:21 | Build | Farm |
| 16:23 | Create | Villager (Male) |
| 16:38 | Create | Villager (Male) |
| 16:40 | Build | Farm |
| 16:41 | Create | Villager (Male) |
| 16:50 | Create | Villager (Male) |
| 16:52 | Build | Farm |
| 16:55 | Build | Farm |
| 17:00 | Create | Villager (Male) |
| 17:04 | Build | House |
| 17:06 | Build | Farm |
| 17:36 | Research | Wheelbarrow |
| 17:43 | Create | Villager (Male) |
| 17:52 | Build | Town Center |
| 17:55 | Create | Villager (Male) |
| 18:04 | Build | Farm |
| 18:05 | Create | Villager (Male) |
| 18:05 | Create | Villager (Male) |
| 18:11 | Create | Villager (Male) |
| 18:15 | Build | House |
| 18:18 | Build | Farm |
| 18:22 | Build | House |
| 18:25 | Create | Villager (Male) |
| 18:34 | Build | House |
| 18:39 | Create | Villager (Male) |
| 18:47 | Create | Villager (Male) |
| 18:55 | Build | Farm |
| 19:00 | Create | Villager (Male) |
| 19:05 | Build | Farm |
| 19:08 | Create | Villager (Male) |
| 19:13 | Create | Villager (Male) |
| 19:15 | Build | Farm |
| 19:16 | Create | Villager (Male) |
| 19:19 | Build | Farm |
| 19:21 | Build | Farm |
| 19:26 | Build | Farm |
| 19:27 | Create | Villager (Male) |
| 19:27 | Create | Villager (Male) |
| 19:35 | Create | Villager (Male) |
| 19:37 | Build | Farm |
| 19:39 | Build | Farm |
| 19:46 | Build | Farm |
| 19:46 | Create | Villager (Male) |
| 19:50 | Build | Farm |
| 19:51 | Build | Farm |
| 19:52 | Create | Villager (Male) |
| 19:56 | Build | Farm |
| 19:59 | Build | Farm |
| 20:00 | Create | Villager (Male) |
| 20:02 | Build | Farm |
| 20:03 | Create | Villager (Male) |
| 20:05 | Build | Farm |
| 20:06 | Build | Farm |
| 20:07 | Create | Villager (Male) |
| 20:07 | Create | Villager (Male) |
| 20:12 | Create | Villager (Male) |
| 20:14 | Build | House |
| 20:15 | Build | House |
| 20:24 | Create | Villager (Male) |
| 20:35 | Build | House |
| 20:36 | Create | Villager (Male) |
| 20:38 | Create | Villager (Male) |
| 20:39 | Create | Villager (Male) |
| 20:43 | Build | Farm |
| 20:44 | Build | Farm |
| 20:45 | Create | Villager (Male) |
| 20:46 | Create | Villager (Male) |
| 20:49 | Build | House |
| 20:51 | Create | Villager (Male) |
| 20:59 | Create | Villager (Male) |
| 21:02 | Build | Mining Camp |
| 21:09 | Create | Villager (Male) |
| 21:13 | Create | Villager (Male) |
| 21:18 | Build | House |
| 21:24 | Create | Villager (Male) |
| 21:26 | Build | House |
| 21:28 | Build | House |
| 21:29 | Create | Villager (Male) |
| 21:32 | Build | House |
| 21:34 | Build | Stone Wall |
Build order — _LT_学成
First 150 of 268 actions detected
| 0:00 | Create | Villager (Male) |
| 0:01 | Create | Villager (Male) |
| 0:01 | Create | Villager (Male) |
| 0:02 | Build | House |
| 0:02 | Research | Loom |
| 0:04 | Build | House |
| 0:08 | Create | Villager (Male) |
| 1:25 | Create | Villager (Male) |
| 1:54 | Create | Villager (Male) |
| 2:03 | Build | Lumber Camp |
| 2:22 | Create | Villager (Male) |
| 2:22 | Create | Villager (Male) |
| 2:53 | Create | Villager (Male) |
| 2:55 | Create | Villager (Male) |
| 2:55 | Create | Villager (Male) |
| 3:26 | Build | House |
| 3:35 | Create | Villager (Male) |
| 4:08 | Create | Villager (Male) |
| 4:28 | Build | House |
| 4:30 | Create | Villager (Male) |
| 4:40 | Build | Mill |
| 4:53 | Create | Villager (Male) |
| 5:22 | Create | Villager (Male) |
| 5:22 | Create | Villager (Male) |
| 5:46 | Create | Villager (Male) |
| 5:46 | Create | Villager (Male) |
| 6:08 | Create | Villager (Male) |
| 6:10 | Create | Villager (Male) |
| 6:19 | Create | Villager (Male) |
| 6:19 | Create | Villager (Male) |
| 6:36 | Build | Palisade Wall |
| 6:44 | Build | Palisade Gate |
| 6:50 | Build | Palisade Wall |
| 6:53 | Build | Palisade Wall |
| 6:55 | Build | Palisade Wall |
| 6:55 | Create | Villager (Male) |
| 7:02 | Build | Palisade Wall |
| 7:04 | Build | Palisade Wall |
| 7:07 | Build | Palisade Wall |
| 7:12 | Build | Palisade Wall |
| 7:14 | Build | Palisade Wall |
| 7:17 | Build | Palisade Wall |
| 7:25 | Create | Villager (Male) |
| 7:25 | Create | Villager (Male) |
| 7:28 | Build | Palisade Wall |
| 7:33 | Create | Villager (Male) |
| 7:33 | Create | Villager (Male) |
| 7:33 | Create | Villager (Male) |
| 7:33 | Create | Villager (Male) |
| 7:41 | Build | Palisade Wall |
| 7:42 | Build | Palisade Wall |
| 7:42 | Build | Palisade Wall |
| 7:43 | Create | Villager (Male) |
| 7:43 | Create | Villager (Male) |
| 7:47 | Build | Mining Camp |
| 8:13 | Create | Villager (Male) |
| 8:16 | Create | Villager (Male) |
| 8:36 | Research | Feudal Age |
| 8:47 | Build | Mining Camp |
| 8:52 | Build | Mining Camp |
| 9:07 | Build | House |
| 10:04 | Create | Villager (Male) |
| 10:56 | Age | Feudal Age |
| 10:59 | Build | Market |
| 11:00 | Build | Blacksmith |
| 11:05 | Create | Villager (Male) |
| 11:39 | Create | Villager (Male) |
| 12:06 | Research | Castle Age |
| 12:17 | Research | Double-Bit Axe |
| 12:35 | Research | Horse Collar |
| 12:35 | Research | Horse Collar |
| 12:38 | Build | House |
| 12:59 | Build | Farm |
| 13:01 | Build | Farm |
| 13:05 | Build | Farm |
| 13:07 | Build | Farm |
| 13:22 | Build | Farm |
| 13:53 | Create | Villager (Male) |
| 13:56 | Build | Farm |
| 14:40 | Create | Villager (Male) |
| 14:51 | Age | Castle Age |
| 14:58 | Create | Villager (Male) |
| 15:02 | Build | Farm |
| 15:17 | Build | Castle |
| 15:25 | Build | House |
| 15:28 | Build | House |
| 15:31 | Create | Villager (Male) |
| 15:42 | Build | Siege Workshop |
| 15:49 | Build | Farm |
| 15:49 | Build | Farm |
| 15:49 | Build | Farm |
| 15:53 | Create | Villager (Male) |
| 16:13 | Create | Villager (Male) |
| 16:19 | Research | Scale Mail Armor |
| 16:27 | Create | Battering Ram |
| 16:29 | Create | Villager (Male) |
| 16:50 | Create | Samurai |
| 16:51 | Create | Samurai |
| 16:53 | Create | Villager (Male) |
| 16:55 | Build | Farm |
| 16:58 | Build | Farm |
| 17:01 | Build | Farm |
| 17:13 | Create | Samurai |
| 17:22 | Create | Samurai |
| 17:35 | Create | Samurai |
| 17:39 | Create | Villager (Male) |
| 17:50 | Create | Samurai |
| 17:55 | Create | Battering Ram |
| 17:57 | Create | Samurai |
| 18:15 | Create | Samurai |
| 18:20 | Create | Villager (Male) |
| 18:22 | Create | Battering Ram |
| 18:26 | Build | Mining Camp |
| 18:32 | Create | Samurai |
| 18:45 | Create | Villager (Male) |
| 18:53 | Create | Battering Ram |
| 18:53 | Create | Battering Ram |
| 19:26 | Create | Samurai |
| 19:40 | Create | Villager (Male) |
| 19:42 | Build | Farm |
| 19:45 | Build | Farm |
| 19:46 | Create | Villager (Male) |
| 19:56 | Create | Samurai |
| 20:15 | Research | Chain Mail Armor |
| 20:17 | Create | Samurai |
| 20:17 | Create | Samurai |
| 20:54 | Create | Samurai |
| 20:55 | Create | Samurai |
| 21:04 | Build | House |
| 21:05 | Create | Villager (Male) |
| 21:19 | Create | Villager (Male) |
| 21:26 | Create | Samurai |
| 21:30 | Create | Battering Ram |
| 21:30 | Create | Battering Ram |
| 21:30 | Create | Battering Ram |
| 21:34 | Create | Villager (Male) |
| 21:49 | Create | Villager (Male) |
| 21:53 | Create | Villager (Male) |
| 21:57 | Build | House |
| 22:00 | Create | Battering Ram |
| 22:07 | Create | Samurai |
| 22:18 | Create | Samurai |
| 22:32 | Create | Battering Ram |
| 22:35 | Build | House |
| 22:37 | Create | Villager (Male) |
| 22:37 | Create | Villager (Male) |
| 22:44 | Build | Farm |
| 22:49 | Create | Samurai |
| 22:58 | Create | Samurai |
| 23:08 | Create | Samurai |
Build order — _LT_椎名真昼
First 150 of 430 actions detected
| 0:01 | Create | Villager (Male) |
| 0:01 | Create | Villager (Male) |
| 0:02 | Build | House |
| 0:04 | Build | House |
| 0:09 | Create | Villager (Male) |
| 0:09 | Create | Villager (Male) |
| 0:10 | Create | Villager (Male) |
| 1:27 | Create | Villager (Male) |
| 1:46 | Build | Lumber Camp |
| 1:52 | Create | Villager (Male) |
| 1:52 | Create | Villager (Male) |
| 2:14 | Create | Villager (Male) |
| 2:52 | Create | Villager (Male) |
| 2:55 | Create | Villager (Male) |
| 2:55 | Create | Villager (Male) |
| 3:25 | Build | House |
| 3:27 | Build | House |
| 3:28 | Create | Villager (Male) |
| 3:44 | Build | House |
| 3:47 | Build | House |
| 4:03 | Create | Villager (Male) |
| 4:04 | Create | Villager (Male) |
| 4:31 | Create | Villager (Male) |
| 4:31 | Create | Villager (Male) |
| 4:31 | Create | Villager (Male) |
| 5:05 | Create | Villager (Male) |
| 5:34 | Create | Villager (Male) |
| 5:35 | Create | Villager (Male) |
| 6:08 | Create | Villager (Male) |
| 6:08 | Create | Villager (Male) |
| 6:16 | Create | Villager (Male) |
| 6:25 | Create | Villager (Male) |
| 6:26 | Create | Villager (Male) |
| 6:38 | Create | Villager (Male) |
| 6:40 | Build | Mill |
| 6:59 | Create | Villager (Male) |
| 7:23 | Create | Villager (Male) |
| 7:34 | Build | Mill |
| 7:42 | Create | Villager (Male) |
| 8:24 | Create | Villager (Male) |
| 8:50 | Create | Villager (Male) |
| 9:09 | Research | Feudal Age |
| 9:13 | Build | Mining Camp |
| 9:56 | Build | Barracks |
| 10:12 | Create | Villager (Male) |
| 10:12 | Create | Villager (Male) |
| 11:21 | Age | Feudal Age |
| 11:23 | Build | Stable |
| 11:46 | Build | Blacksmith |
| 12:14 | Research | Castle Age |
| 12:25 | Research | Double-Bit Axe |
| 12:27 | Research | Horse Collar |
| 12:50 | Build | Farm |
| 13:20 | Create | Scout Cavalry |
| 13:33 | Research | Gold Mining |
| 13:39 | Build | Farm |
| 13:42 | Build | Farm |
| 13:45 | Build | Farm |
| 13:47 | Build | Farm |
| 13:49 | Create | Villager (Male) |
| 14:10 | Build | Stable |
| 14:32 | Build | Farm |
| 14:41 | Build | House |
| 14:54 | Age | Castle Age |
| 14:55 | Create | Knight |
| 14:55 | Create | Knight |
| 15:06 | Build | House |
| 15:07 | Build | House |
| 15:14 | Create | Knight |
| 15:20 | Create | Villager (Male) |
| 15:23 | Build | Farm |
| 15:28 | Create | Knight |
| 15:38 | Create | Villager (Male) |
| 15:47 | Build | Farm |
| 16:03 | Create | Steppe Lancer |
| 16:05 | Create | Villager (Male) |
| 16:30 | Research | Loom |
| 16:31 | Create | Villager (Male) |
| 16:40 | Create | Steppe Lancer |
| 16:41 | Create | Steppe Lancer |
| 16:41 | Create | Steppe Lancer |
| 17:00 | Build | Farm |
| 17:15 | Create | Steppe Lancer |
| 17:15 | Create | Steppe Lancer |
| 17:28 | Build | Farm |
| 17:31 | Build | Town Center |
| 17:32 | Create | Steppe Lancer |
| 17:48 | Create | Villager (Male) |
| 17:49 | Build | Farm |
| 18:02 | Create | Villager (Male) |
| 18:06 | Create | Knight |
| 18:06 | Create | Knight |
| 18:20 | Create | Villager (Male) |
| 18:22 | Build | Farm |
| 18:40 | Build | House |
| 18:47 | Create | Steppe Lancer |
| 18:47 | Create | Steppe Lancer |
| 19:16 | Create | Villager (Male) |
| 19:26 | Create | Villager (Male) |
| 19:29 | Build | Farm |
| 19:29 | Build | Farm |
| 19:30 | Build | Farm |
| 19:35 | Create | Villager (Male) |
| 19:50 | Build | Farm |
| 19:50 | Build | Farm |
| 19:52 | Create | Villager (Male) |
| 19:52 | Create | Villager (Male) |
| 19:53 | Create | Villager (Male) |
| 19:55 | Build | House |
| 19:56 | Build | House |
| 20:04 | Create | Villager (Male) |
| 20:14 | Build | Farm |
| 20:18 | Create | Villager (Male) |
| 20:18 | Create | Villager (Male) |
| 20:41 | Create | Villager (Male) |
| 20:41 | Create | Villager (Male) |
| 20:58 | Create | Villager (Male) |
| 20:59 | Build | Monastery |
| 21:02 | Build | House |
| 21:04 | Build | House |
| 21:18 | Create | Villager (Male) |
| 21:18 | Create | Villager (Male) |
| 21:22 | Build | Farm |
| 21:30 | Build | Farm |
| 21:38 | Research | Wheelbarrow |
| 21:39 | Create | Villager (Male) |
| 21:49 | Create | Monk |
| 21:49 | Create | Monk |
| 21:54 | Build | Farm |
| 21:57 | Create | Villager (Male) |
| 22:05 | Create | Monk |
| 22:09 | Build | Farm |
| 22:21 | Research | Bow Saw |
| 22:29 | Create | Villager (Male) |
| 22:54 | Create | Villager (Male) |
| 23:01 | Build | Town Center |
| 23:04 | Create | Villager (Male) |
| 23:09 | Build | House |
| 23:10 | Build | House |
| 23:25 | Create | Villager (Male) |
| 23:26 | Create | Villager (Male) |
| 23:38 | Build | Farm |
| 23:51 | Create | Villager (Male) |
| 23:51 | Create | Villager (Male) |
| 23:56 | Build | Farm |
| 23:57 | Research | Heavy Plow |
| 24:05 | Create | Villager (Male) |
| 24:05 | Create | Villager (Male) |
| 24:10 | Create | Villager (Male) |
| 24:14 | Build | Lumber Camp |
Build order — 小晚辞
First 150 of 295 actions detected
| 0:02 | Create | Villager (Male) |
| 0:02 | Create | Villager (Male) |
| 0:03 | Build | House |
| 0:04 | Build | House |
| 0:13 | Create | Villager (Male) |
| 0:15 | Create | Villager (Male) |
| 0:15 | Create | Villager (Male) |
| 1:25 | Create | Villager (Male) |
| 1:45 | Build | Lumber Camp |
| 1:47 | Create | Villager (Male) |
| 1:48 | Create | Villager (Male) |
| 2:17 | Create | Villager (Male) |
| 2:50 | Create | Villager (Male) |
| 3:05 | Create | Villager (Male) |
| 3:29 | Create | Villager (Male) |
| 3:49 | Build | House |
| 3:50 | Build | House |
| 3:59 | Create | Villager (Male) |
| 3:59 | Create | Villager (Male) |
| 4:15 | Create | Villager (Male) |
| 4:37 | Build | House |
| 4:53 | Create | Villager (Male) |
| 4:53 | Create | Villager (Male) |
| 4:59 | Build | Mill |
| 5:00 | Create | Villager (Male) |
| 5:39 | Create | Villager (Male) |
| 5:44 | Create | Villager (Male) |
| 5:57 | Build | Mill |
| 6:27 | Create | Villager (Male) |
| 7:06 | Create | Villager (Male) |
| 7:18 | Build | Mining Camp |
| 7:34 | Create | Villager (Male) |
| 7:35 | Create | Villager (Male) |
| 8:11 | Create | Villager (Male) |
| 8:19 | Research | Feudal Age |
| 8:27 | Build | Mining Camp |
| 9:19 | Create | Villager (Male) |
| 9:19 | Create | Villager (Male) |
| 10:34 | Age | Feudal Age |
| 10:36 | Build | Blacksmith |
| 10:49 | Build | Market |
| 11:31 | Research | Castle Age |
| 11:31 | Research | Castle Age |
| 11:40 | Research | Double-Bit Axe |
| 12:14 | Research | Loom |
| 14:11 | Age | Castle Age |
| 14:17 | Build | Farm |
| 14:18 | Build | Farm |
| 14:19 | Research | Horse Collar |
| 14:39 | Build | Castle |
| 14:41 | Create | Villager (Male) |
| 14:45 | Create | Villager (Male) |
| 14:46 | Research | Bow Saw |
| 15:16 | Build | House |
| 15:17 | Build | House |
| 15:20 | Create | Villager (Male) |
| 15:21 | Build | Farm |
| 15:39 | Create | Villager (Male) |
| 15:42 | Research | Fletching |
| 15:42 | Research | Fletching |
| 16:00 | Build | Mining Camp |
| 16:04 | Create | Villager (Male) |
| 16:05 | Create | Genoese Crossbowman |
| 16:05 | Create | Genoese Crossbowman |
| 16:06 | Create | Genoese Crossbowman |
| 16:48 | Create | Villager (Male) |
| 16:49 | Create | Villager (Male) |
| 16:50 | Create | Genoese Crossbowman |
| 16:59 | Build | Farm |
| 17:03 | Build | Farm |
| 17:08 | Create | Villager (Male) |
| 17:11 | Create | Genoese Crossbowman |
| 17:13 | Create | Genoese Crossbowman |
| 17:29 | Create | Villager (Male) |
| 17:37 | Build | House |
| 17:48 | Create | Genoese Crossbowman |
| 17:53 | Build | Siege Workshop |
| 17:58 | Create | Villager (Male) |
| 18:19 | Build | House |
| 18:29 | Create | Villager (Male) |
| 18:32 | Build | Farm |
| 18:45 | Create | Mangonel |
| 18:51 | Build | Stone Wall |
| 18:56 | Build | Farm |
| 19:02 | Create | Villager (Male) |
| 19:04 | Build | Farm |
| 19:21 | Build | Farm |
| 19:23 | Create | Villager (Male) |
| 19:31 | Create | Mangonel |
| 19:45 | Build | Farm |
| 19:46 | Create | Villager (Male) |
| 20:04 | Build | Farm |
| 20:06 | Create | Villager (Male) |
| 20:20 | Build | Gate |
| 20:23 | Create | Villager (Male) |
| 20:25 | Build | Farm |
| 20:46 | Create | Villager (Male) |
| 20:51 | Create | Villager (Male) |
| 21:02 | Create | Villager (Male) |
| 21:10 | Build | Lumber Camp |
| 21:13 | Create | Villager (Male) |
| 21:19 | Build | Farm |
| 21:32 | Create | Villager (Male) |
| 21:34 | Create | Genoese Crossbowman |
| 21:46 | Create | Genoese Crossbowman |
| 21:55 | Create | Villager (Male) |
| 22:02 | Build | House |
| 22:03 | Build | House |
| 22:04 | Create | Villager (Male) |
| 22:15 | Create | Villager (Male) |
| 22:26 | Create | Villager (Male) |
| 22:40 | Build | Farm |
| 22:42 | Build | Farm |
| 22:51 | Build | House |
| 22:52 | Build | House |
| 22:53 | Create | Villager (Male) |
| 22:58 | Build | Farm |
| 22:59 | Build | Farm |
| 23:06 | Build | Farm |
| 23:22 | Create | Mangonel |
| 23:23 | Create | Villager (Male) |
| 24:59 | Research | Imperial Age |
| 24:59 | Research | Imperial Age |
| 25:53 | Build | House |
| 26:06 | Build | Lumber Camp |
| 26:14 | Build | Town Center |
| 26:14 | Create | Villager (Male) |
| 26:55 | Research | Bodkin Arrow |
| 26:55 | Research | Bodkin Arrow |
| 26:56 | Create | Genoese Crossbowman |
| 26:56 | Create | Genoese Crossbowman |
| 27:33 | Build | Mining Camp |
| 27:43 | Create | Villager (Male) |
| 27:43 | Create | Villager (Male) |
| 27:43 | Create | Villager (Male) |
| 27:46 | Research | Wheelbarrow |
| 27:50 | Research | Town Watch |
| 28:09 | Age | Imperial Age |
| 28:10 | Create | Trebuchet (Packed) |
| 28:21 | Research | Two-Man Saw |
| 28:21 | Research | Two-Man Saw |
| 28:25 | Create | Villager (Male) |
| 28:44 | Create | Trebuchet (Packed) |
| 28:45 | Create | Villager (Male) |
| 29:17 | Create | Villager (Male) |
| 29:22 | Build | Town Center |
| 29:40 | Create | Villager (Male) |
| 29:41 | Create | Villager (Male) |
| 29:42 | Create | Genoese Crossbowman |
| 29:55 | Create | Villager (Male) |
Build order — 一切反动派的是纸老虎
First 150 of 334 actions detected
| 0:00 | Create | Villager (Male) |
| 0:01 | Create | Villager (Male) |
| 0:01 | Create | Villager (Male) |
| 0:01 | Create | Villager (Male) |
| 0:03 | Build | House |
| 0:05 | Build | House |
| 1:26 | Create | Villager (Male) |
| 1:52 | Create | Villager (Male) |
| 1:53 | Create | Villager (Male) |
| 1:55 | Build | Lumber Camp |
| 2:27 | Create | Villager (Male) |
| 2:52 | Create | Villager (Male) |
| 2:53 | Create | Villager (Male) |
| 2:53 | Create | Villager (Male) |
| 2:54 | Create | Villager (Male) |
| 3:29 | Build | House |
| 3:30 | Build | House |
| 3:31 | Create | Villager (Male) |
| 4:00 | Create | Villager (Male) |
| 4:10 | Build | Mill |
| 4:19 | Create | Villager (Male) |
| 4:19 | Create | Villager (Male) |
| 4:32 | Build | House |
| 4:39 | Create | Villager (Male) |
| 5:12 | Create | Villager (Male) |
| 5:26 | Create | Villager (Male) |
| 5:49 | Create | Villager (Male) |
| 6:26 | Create | Villager (Male) |
| 6:49 | Create | Villager (Male) |
| 6:56 | Create | Villager (Male) |
| 6:58 | Create | Villager (Male) |
| 7:08 | Create | Villager (Male) |
| 7:48 | Build | Farm |
| 8:30 | Build | Mining Camp |
| 8:37 | Research | Feudal Age |
| 8:44 | Build | Farm |
| 9:32 | Create | Villager (Male) |
| 9:32 | Create | Villager (Male) |
| 9:49 | Build | House |
| 9:53 | Build | Palisade Wall |
| 9:55 | Build | Palisade Wall |
| 9:57 | Build | Palisade Wall |
| 10:05 | Build | Palisade Wall |
| 10:10 | Build | Palisade Wall |
| 10:15 | Build | Palisade Wall |
| 10:17 | Build | Palisade Wall |
| 10:18 | Build | Palisade Wall |
| 10:56 | Age | Feudal Age |
| 11:02 | Build | Market |
| 11:34 | Build | Blacksmith |
| 11:48 | Build | Palisade Wall |
| 11:49 | Build | Palisade Wall |
| 11:52 | Build | House |
| 12:00 | Create | Villager (Male) |
| 12:11 | Build | House |
| 12:17 | Build | House |
| 12:23 | Build | Palisade Wall |
| 12:34 | Build | Stone Wall |
| 12:36 | Build | Stone Wall |
| 12:40 | Research | Castle Age |
| 12:40 | Research | Castle Age |
| 12:59 | Build | Donjon |
| 13:23 | Build | Mining Camp |
| 13:49 | Build | Farm |
| 14:08 | Build | Stone Wall |
| 14:10 | Build | Stone Wall |
| 14:19 | Create | Villager (Male) |
| 14:20 | Create | Villager (Male) |
| 14:24 | Research | Double-Bit Axe |
| 14:27 | Research | Horse Collar |
| 14:53 | Research | Loom |
| 14:56 | Create | Villager (Male) |
| 14:56 | Create | Villager (Male) |
| 15:20 | Age | Castle Age |
| 15:26 | Build | Siege Workshop |
| 15:37 | Create | Villager (Male) |
| 15:52 | Build | Palisade Wall |
| 16:02 | Build | Stone Wall |
| 16:06 | Create | Mangonel |
| 16:15 | Build | Mining Camp |
| 16:16 | Create | Villager (Male) |
| 16:55 | Create | Mangonel |
| 17:13 | Build | Palisade Wall |
| 17:16 | Build | Palisade Wall |
| 17:19 | Build | Palisade Wall |
| 17:36 | Create | Villager (Male) |
| 17:36 | Create | Villager (Male) |
| 17:36 | Create | Villager (Male) |
| 17:51 | Build | Stone Wall |
| 17:59 | Build | Town Center |
| 18:03 | Build | Farm |
| 18:05 | Build | Farm |
| 18:24 | Create | Villager (Male) |
| 19:19 | Build | House |
| 19:20 | Build | House |
| 19:32 | Create | Villager (Male) |
| 19:32 | Create | Villager (Male) |
| 19:40 | Build | Farm |
| 19:41 | Build | Farm |
| 19:41 | Build | Farm |
| 19:54 | Build | Outpost |
| 19:56 | Build | Farm |
| 20:04 | Build | Farm |
| 20:24 | Create | Villager (Male) |
| 20:31 | Create | Villager (Male) |
| 20:35 | Build | Farm |
| 20:48 | Create | Villager (Male) |
| 20:55 | Build | Farm |
| 21:02 | Create | Villager (Male) |
| 21:19 | Create | Villager (Male) |
| 21:25 | Build | Town Center |
| 21:29 | Research | Gold Mining |
| 21:36 | Create | Villager (Male) |
| 21:40 | Create | Villager (Male) |
| 21:47 | Create | Villager (Male) |
| 21:51 | Build | House |
| 21:54 | Create | Villager (Male) |
| 21:57 | Build | Farm |
| 22:04 | Create | Villager (Male) |
| 22:17 | Create | Villager (Male) |
| 22:25 | Build | Farm |
| 22:28 | Build | Farm |
| 22:33 | Create | Villager (Male) |
| 22:34 | Create | Villager (Male) |
| 22:37 | Create | Villager (Male) |
| 22:37 | Create | Villager (Male) |
| 22:37 | Create | Villager (Male) |
| 22:43 | Create | Villager (Male) |
| 22:59 | Create | Villager (Male) |
| 23:03 | Build | Farm |
| 23:06 | Build | Farm |
| 23:15 | Build | House |
| 23:17 | Create | Villager (Male) |
| 23:20 | Create | Villager (Male) |
| 23:31 | Build | Outpost |
| 23:33 | Create | Villager (Male) |
| 23:38 | Build | Farm |
| 23:38 | Build | Farm |
| 23:45 | Build | Farm |
| 23:46 | Build | Farm |
| 23:48 | Create | Villager (Male) |
| 23:51 | Create | Villager (Male) |
| 23:55 | Build | House |
| 24:04 | Create | Villager (Male) |
| 24:38 | Create | Villager (Male) |
| 24:59 | Create | Villager (Male) |
| 25:03 | Research | Wheelbarrow |
| 25:03 | Create | Villager (Male) |
| 25:04 | Create | Villager (Male) |
| 25:04 | Create | Villager (Male) |
Build order — 还是从前那个少年
First 150 of 581 actions detected
| 0:00 | Create | Villager (Male) |
| 0:01 | Create | Villager (Male) |
| 0:02 | Build | House |
| 0:04 | Build | House |
| 0:06 | Create | Villager (Male) |
| 0:07 | Create | Villager (Male) |
| 1:19 | Create | Villager (Male) |
| 1:40 | Create | Villager (Male) |
| 2:04 | Create | Villager (Male) |
| 2:11 | Build | Lumber Camp |
| 2:36 | Create | Villager (Male) |
| 2:53 | Create | Villager (Male) |
| 3:10 | Create | Villager (Male) |
| 3:31 | Create | Villager (Male) |
| 3:46 | Build | House |
| 4:00 | Create | Villager (Male) |
| 4:05 | Build | Mill |
| 4:16 | Create | Villager (Male) |
| 4:24 | Build | House |
| 4:30 | Create | Villager (Male) |
| 4:59 | Create | Villager (Male) |
| 5:26 | Build | Mill |
| 5:35 | Create | Villager (Male) |
| 5:40 | Create | Villager (Male) |
| 5:46 | Create | Villager (Male) |
| 6:07 | Create | Villager (Male) |
| 6:16 | Create | Villager (Male) |
| 6:21 | Create | Villager (Male) |
| 6:45 | Create | Villager (Male) |
| 7:18 | Create | Villager (Male) |
| 7:52 | Create | Villager (Male) |
| 8:19 | Research | Feudal Age |
| 8:56 | Create | Villager (Male) |
| 9:12 | Create | Villager (Male) |
| 9:39 | Build | House |
| 9:51 | Create | Villager (Male) |
| 10:23 | Build | House |
| 10:31 | Age | Feudal Age |
| 10:33 | Build | Market |
| 10:35 | Build | Blacksmith |
| 10:36 | Research | Double-Bit Axe |
| 11:36 | Research | Castle Age |
| 11:39 | Research | Horse Collar |
| 11:49 | Build | Farm |
| 11:51 | Build | Farm |
| 12:01 | Build | House |
| 12:05 | Build | Farm |
| 12:07 | Create | Villager (Male) |
| 12:20 | Build | Farm |
| 12:30 | Build | Farm |
| 12:32 | Create | Villager (Male) |
| 12:34 | Build | Farm |
| 12:36 | Create | Villager (Male) |
| 12:47 | Build | Palisade Wall |
| 12:54 | Create | Villager (Male) |
| 13:07 | Create | Villager (Male) |
| 13:12 | Create | Villager (Male) |
| 13:24 | Create | Villager (Male) |
| 13:33 | Build | Farm |
| 13:37 | Create | Villager (Male) |
| 13:44 | Create | Villager (Male) |
| 14:15 | Create | Villager (Male) |
| 14:16 | Age | Castle Age |
| 14:20 | Build | Town Center |
| 14:25 | Create | Villager (Male) |
| 14:29 | Build | Town Center |
| 14:32 | Create | Villager (Male) |
| 14:39 | Create | Villager (Male) |
| 14:47 | Create | Villager (Male) |
| 14:56 | Create | Villager (Male) |
| 14:58 | Create | Villager (Male) |
| 15:00 | Create | Villager (Male) |
| 15:14 | Create | Villager (Male) |
| 15:15 | Build | Farm |
| 15:20 | Create | Villager (Male) |
| 15:30 | Create | Villager (Male) |
| 15:31 | Create | Villager (Male) |
| 15:34 | Create | Villager (Male) |
| 15:38 | Create | Villager (Male) |
| 15:40 | Create | Villager (Male) |
| 15:40 | Create | Villager (Male) |
| 15:43 | Create | Villager (Male) |
| 15:44 | Create | Villager (Male) |
| 15:47 | Build | Farm |
| 15:52 | Create | Villager (Male) |
| 15:52 | Create | Villager (Male) |
| 15:55 | Build | Farm |
| 16:01 | Create | Villager (Male) |
| 16:08 | Create | Villager (Male) |
| 16:10 | Build | Farm |
| 16:13 | Build | Farm |
| 16:23 | Create | Villager (Male) |
| 16:25 | Build | Farm |
| 16:26 | Create | Villager (Male) |
| 16:28 | Create | Villager (Male) |
| 16:30 | Create | Villager (Male) |
| 16:30 | Create | Villager (Male) |
| 16:31 | Create | Villager (Male) |
| 16:31 | Create | Villager (Male) |
| 16:37 | Build | Farm |
| 16:44 | Create | Villager (Male) |
| 16:45 | Create | Villager (Male) |
| 16:53 | Create | Villager (Male) |
| 16:55 | Build | Farm |
| 16:59 | Create | Villager (Male) |
| 17:03 | Build | Farm |
| 17:04 | Build | Farm |
| 17:10 | Build | Farm |
| 17:11 | Build | Farm |
| 17:14 | Create | Villager (Male) |
| 17:18 | Build | Farm |
| 17:21 | Create | Villager (Male) |
| 17:23 | Create | Villager (Male) |
| 17:35 | Create | Villager (Male) |
| 17:37 | Build | Farm |
| 17:38 | Create | Villager (Male) |
| 17:42 | Create | Villager (Male) |
| 17:45 | Create | Villager (Male) |
| 17:46 | Create | Villager (Male) |
| 17:48 | Build | Farm |
| 17:50 | Build | Farm |
| 17:52 | Create | Villager (Male) |
| 18:00 | Research | Wheelbarrow |
| 18:02 | Create | Villager (Male) |
| 18:03 | Create | Villager (Male) |
| 18:08 | Create | Villager (Male) |
| 18:11 | Create | Villager (Male) |
| 18:15 | Create | Villager (Male) |
| 18:26 | Create | Villager (Male) |
| 18:28 | Build | Farm |
| 18:36 | Build | House |
| 18:50 | Build | Town Center |
| 18:54 | Create | Villager (Male) |
| 19:00 | Research | Heavy Plow |
| 19:03 | Create | Villager (Male) |
| 19:06 | Build | Farm |
| 19:10 | Create | Villager (Male) |
| 19:11 | Create | Villager (Male) |
| 19:11 | Create | Villager (Male) |
| 19:15 | Create | Villager (Male) |
| 19:18 | Create | Villager (Male) |
| 19:19 | Build | House |
| 19:21 | Build | House |
| 19:22 | Create | Villager (Male) |
| 19:23 | Create | Villager (Male) |
| 19:32 | Create | Villager (Male) |
| 19:35 | Create | Villager (Male) |
| 19:37 | Create | Villager (Male) |
| 19:40 | Create | Villager (Male) |
| 19:41 | Create | Villager (Male) |
Match timeline
| 4:52 | 抖音_帝国时代2小Lin · wall_segment Palisade Wall x1 |
| 5:07 | 抖音_帝国时代2小Lin · wall_segment Palisade Wall x1 |
| 5:09 | 抖音_帝国时代2小Lin · wall_segment Palisade Wall x1 |
| 5:12 | 抖音_帝国时代2小Lin · wall_segment Palisade Wall x1 |
| 5:14 | 抖音_帝国时代2小Lin · wall_segment Palisade Wall x1 |
| 5:20 | 抖音_帝国时代2小Lin · wall_segment Palisade Wall x1 |
| 5:23 | 抖音_帝国时代2小Lin · wall_segment Palisade Wall x1 |
| 5:31 | 抖音_帝国时代2小Lin · wall_segment Palisade Wall x1 |
| 5:33 | 抖音_帝国时代2小Lin · wall_segment Palisade Wall x1 |
| 5:35 | 抖音_帝国时代2小Lin · wall_segment Palisade Wall x1 |
| 5:38 | 抖音_帝国时代2小Lin · wall_segment Palisade Wall x1 |
| 5:41 | 抖音_帝国时代2小Lin · wall_segment Palisade Wall x1 |
| 5:47 | 抖音_帝国时代2小Lin · wall_segment Palisade Wall x1 |
| 6:36 | _LT_学成 · wall_segment Palisade Wall x1 |
| 6:50 | _LT_学成 · wall_segment Palisade Wall x1 |
| 6:53 | _LT_学成 · wall_segment Palisade Wall x1 |
| 6:55 | _LT_学成 · wall_segment Palisade Wall x1 |
| 7:02 | _LT_学成 · wall_segment Palisade Wall x1 |
| 7:04 | _LT_学成 · wall_segment Palisade Wall x1 |
| 7:07 | _LT_学成 · wall_segment Palisade Wall x1 |
| 7:12 | _LT_学成 · wall_segment Palisade Wall x1 |
| 7:14 | _LT_学成 · wall_segment Palisade Wall x1 |
| 7:17 | _LT_学成 · wall_segment Palisade Wall x1 |
| 7:28 | _LT_学成 · wall_segment Palisade Wall x1 |
| 7:41 | _LT_学成 · wall_segment Palisade Wall x1 |
| 7:42 | _LT_学成 · wall_segment Palisade Wall x1 |
| 7:42 | _LT_学成 · wall_segment Palisade Wall x1 |
| 8:54 | King-WzRun · age_up feudal |
| 9:53 | 一切反动派的是纸老虎 · wall_segment Palisade Wall x1 |
| 9:55 | 一切反动派的是纸老虎 · wall_segment Palisade Wall x1 |
| 9:56 | _LT_椎名真昼 · first_building Barracks |
| 9:57 | 一切反动派的是纸老虎 · wall_segment Palisade Wall x1 |
| 10:05 | 一切反动派的是纸老虎 · wall_segment Palisade Wall x1 |
| 10:10 | 一切反动派的是纸老虎 · wall_segment Palisade Wall x4 |
| 10:15 | 一切反动派的是纸老虎 · wall_segment Palisade Wall x3 |
| 10:17 | 一切反动派的是纸老虎 · wall_segment Palisade Wall x3 |
| 10:18 | 一切反动派的是纸老虎 · wall_segment Palisade Wall x1 |
| 10:31 | 还是从前那个少年 · age_up feudal |
| 10:33 | 抖音KK · age_up feudal |
| 10:34 | 小晚辞 · age_up feudal |
| 10:56 | _LT_学成 · age_up feudal |
| 10:56 | 一切反动派的是纸老虎 · age_up feudal |
| 11:21 | _LT_椎名真昼 · age_up feudal |
| 11:23 | _LT_椎名真昼 · first_building Stable |
| 11:25 | 抖音KK · first_market_sell 100 stone |
| 11:30 | 还是从前那个少年 · first_market_sell 100 wood |
| 11:48 | 一切反动派的是纸老虎 · wall_segment Palisade Wall x1 |
| 11:49 | 一切反动派的是纸老虎 · wall_segment Palisade Wall x1 |
| 11:51 | 抖音_帝国时代2小Lin · age_up feudal |
| 12:23 | 一切反动派的是纸老虎 · wall_segment Palisade Wall x1 |
| 12:34 | 一切反动派的是纸老虎 · wall_segment Stone Wall x4 |
| 12:36 | 一切反动派的是纸老虎 · wall_segment Stone Wall x1 |
| 12:47 | 还是从前那个少年 · wall_segment Palisade Wall x1 |
| 12:59 | 一切反动派的是纸老虎 · first_building Donjon |
| 14:06 | 抖音KK · age_up castle |
| 14:08 | 一切反动派的是纸老虎 · wall_segment Stone Wall x1 |
| 14:10 | 一切反动派的是纸老虎 · wall_segment Stone Wall x1 |
| 14:11 | 小晚辞 · age_up castle |
| 14:16 | 还是从前那个少年 · age_up castle |
| 14:39 | 小晚辞 · first_building Castle |
| 14:51 | _LT_学成 · age_up castle |
| 14:54 | _LT_椎名真昼 · age_up castle |
| 15:17 | _LT_学成 · first_building Castle |
| 15:20 | 一切反动派的是纸老虎 · age_up castle |
| 15:21 | 抖音_帝国时代2小Lin · age_up castle |
| 15:26 | 一切反动派的是纸老虎 · first_building Siege Workshop |
| 15:30 | 抖音_帝国时代2小Lin · first_building Castle |
| 15:42 | _LT_学成 · first_building Siege Workshop |
| 15:52 | 一切反动派的是纸老虎 · wall_segment Palisade Wall x1 |
| 16:02 | 一切反动派的是纸老虎 · wall_segment Stone Wall x1 |
| 16:11 | King-WzRun · wall_segment Palisade Wall x1 |
| 16:22 | 抖音_帝国时代2小Lin · wall_segment Palisade Wall x1 |
| 16:24 | 抖音_帝国时代2小Lin · wall_segment Palisade Wall x1 |
| 16:26 | 抖音_帝国时代2小Lin · wall_segment Palisade Wall x1 |
| 16:30 | 抖音_帝国时代2小Lin · wall_segment Palisade Wall x1 |
| 16:34 | 抖音_帝国时代2小Lin · wall_segment Palisade Wall x1 |
| 16:47 | 抖音_帝国时代2小Lin · wall_segment Palisade Wall x1 |
| 16:50 | 抖音_帝国时代2小Lin · wall_segment Palisade Wall x1 |
| 17:09 | 抖音_帝国时代2小Lin · wall_segment Palisade Wall x1 |
| 17:13 | 一切反动派的是纸老虎 · wall_segment Palisade Wall x5 |
| 17:16 | 一切反动派的是纸老虎 · wall_segment Palisade Wall x2 |
| 17:19 | 一切反动派的是纸老虎 · wall_segment Palisade Wall x4 |
| 17:51 | 一切反动派的是纸老虎 · wall_segment Stone Wall x1 |
| 17:53 | 小晚辞 · first_building Siege Workshop |
| 17:55 | _LT_学成 · first_market_sell 100 stone |
| 18:08 | King-WzRun · first_building Barracks |
| 18:51 | 小晚辞 · wall_segment Stone Wall x1 |
| 19:25 | 小晚辞 · first_market_buy 100 wood |
| 19:49 | King-WzRun · age_up castle |
| 20:41 | 一切反动派的是纸老虎 · first_market_buy 100 food |
| 20:59 | _LT_椎名真昼 · first_building Monastery |
| 21:34 | 抖音KK · wall_segment Stone Wall x2 |
| 21:49 | 抖音KK · first_building Krepost |
| 21:50 | King-WzRun · first_building Siege Workshop |
| 23:19 | 还是从前那个少年 · first_building Castle |
| 24:29 | King-WzRun · first_building Monastery |
| 24:33 | 还是从前那个少年 · first_building Siege Workshop |
| 24:38 | 小晚辞 · first_market_sell 100 wood |
| 25:33 | 还是从前那个少年 · first_building Barracks |
| 26:03 | 一切反动派的是纸老虎 · first_building Castle |
| 26:27 | 抖音KK · first_market_buy 100 stone |
| 26:59 | 一切反动派的是纸老虎 · wall_segment Stone Wall x5 |
| 27:00 | 一切反动派的是纸老虎 · wall_segment Stone Wall x3 |
| 27:02 | 抖音KK · age_up imperial |
| 27:06 | 抖音KK · first_building Castle |
| 27:20 | _LT_学成 · first_market_buy 100 wood |
| 28:09 | _LT_椎名真昼 · wall_segment Stone Wall x6 |
| 28:09 | 小晚辞 · age_up imperial |
| 28:12 | _LT_椎名真昼 · wall_segment Stone Wall x3 |
| 28:15 | _LT_椎名真昼 · wall_segment Stone Wall x8 |
| 28:16 | 还是从前那个少年 · age_up imperial |
| 28:41 | _LT_椎名真昼 · wall_segment Stone Wall x3 |
| 28:45 | _LT_椎名真昼 · wall_segment Stone Wall x5 |
| 28:47 | _LT_椎名真昼 · wall_segment Stone Wall x4 |
| 29:13 | 一切反动派的是纸老虎 · first_building Barracks |
| 29:13 | _LT_椎名真昼 · wall_segment Stone Wall x1 |
| 29:19 | _LT_椎名真昼 · wall_segment Stone Wall x1 |
| 29:27 | _LT_椎名真昼 · first_building Castle |
| 29:56 | King-WzRun · first_market_sell 500 wood |
| 30:09 | _LT_椎名真昼 · first_building Siege Workshop |
| 30:12 | 一切反动派的是纸老虎 · first_building Stable |
| 30:32 | 抖音_帝国时代2小Lin · first_market_sell 100 food |
| 31:10 | _LT_椎名真昼 · wall_segment Stone Wall x1 |
| 31:16 | King-WzRun · first_building Castle |
| 31:20 | _LT_椎名真昼 · wall_segment Stone Wall x6 |
| 31:22 | _LT_椎名真昼 · wall_segment Stone Wall x5 |
| 32:44 | _LT_椎名真昼 · age_up imperial |
| 33:04 | King-WzRun · first_building Archery Range |
| 33:07 | 一切反动派的是纸老虎 · age_up imperial |
| 33:13 | King-WzRun · age_up imperial |
| 33:36 | 抖音_帝国时代2小Lin · wall_segment Stone Wall x1 |
| 33:38 | 抖音_帝国时代2小Lin · wall_segment Stone Wall x1 |
| 33:44 | 抖音_帝国时代2小Lin · age_up imperial |
| 33:44 | 抖音_帝国时代2小Lin · wall_segment Stone Wall x1 |
| 33:46 | 抖音_帝国时代2小Lin · wall_segment Stone Wall x1 |
| 33:47 | 抖音_帝国时代2小Lin · wall_segment Stone Wall x1 |
| 33:49 | 抖音_帝国时代2小Lin · wall_segment Stone Wall x1 |
| 33:52 | 抖音_帝国时代2小Lin · wall_segment Stone Wall x1 |
| 33:55 | King-WzRun · first_market_buy 100 wood |
| 33:57 | 抖音_帝国时代2小Lin · wall_segment Stone Wall x1 |
| 33:59 | 抖音_帝国时代2小Lin · wall_segment Stone Wall x1 |
| 34:00 | 抖音_帝国时代2小Lin · wall_segment Stone Wall x1 |
| 34:05 | 一切反动派的是纸老虎 · first_market_sell 100 wood |
| 34:21 | 还是从前那个少年 · wall_segment Stone Wall x5 |
| 34:51 | 抖音_帝国时代2小Lin · first_building Barracks |
| 34:55 | 还是从前那个少年 · wall_segment Stone Wall x3 |
| 34:56 | 还是从前那个少年 · wall_segment Stone Wall x2 |
| 34:57 | 还是从前那个少年 · wall_segment Stone Wall x4 |
| 35:45 | 抖音_帝国时代2小Lin · first_building Archery Range |
| 35:46 | 抖音_帝国时代2小Lin · first_building Stable |
| 36:31 | 还是从前那个少年 · wall_segment Stone Wall x2 |
| 39:09 | 还是从前那个少年 · resign |
[ AI ANALYSIS · 1 CREDIT ]
What really happened in this match?
Wolo.gg analyzes every decision: build order, eco, micro, common mistakes by bracket. Personalized analysis on WhatsApp or Discord in 30 seconds.
Civ guide
Koreans
Perfil
Jugador #21969411